 Dungeon Crawl Stone Soup version 0.17-a0-1368-g6ab37f2 (webtiles) character file.

12 inmateoo the Firebug (level 2, 0/15 HPs)
             Began as a Deep Elf Fire Elementalist on June 12, 2015.
             Slain by a giant gecko (3 damage)
             ... on level 1 of the Dungeon.
             The game lasted 00:00:59 (384 turns).

inmateoo the Firebug (Deep Elf Fire Elementalist)    Turns: 384, Time: 00:00:59

Health: 0/15       AC:  2    Str: 10    XL:     2   Next: 20%
Magic:  2/8        EV: 13    Int: 19    God:
Gold:   50         SH:  0    Dex: 15    Spells: 1 memorised, 6 levels left

rFire  . . .     SeeInvis .     (no weapon)
rCold  . . .     Clarity  .     a - +0 robe
rNeg   . . .     SustAt   .     (no shield)
rPois  .         Gourm    .     (no helmet)
rElec  .         Spirit   .     (no cloak)
rCorr  .         Warding  .     (no gloves)
rMut   .         Stasis   .     (no boots)
MR     .....                    (no amulet)
Stlth  ++........               (no ring)
                                (no ring)

@: mighty, not resistant to hostile enchantments, unstealthy
A: no striking features
a: no special abilities


You were on level 1 of the Dungeon.
You were not hungry.

You visited 1 branch of the dungeon, and saw 1 of its levels.

You collected 50 gold pieces.

Inventory:

Armour
 a - a +0 robe (worn)
Jewellery
 g - a cursed -2 ring of protection {unknown}
Scrolls
 d - a scroll of identify {unknown}
Potions
 h - a potion of resistance {unknown}
Books
 b - a book of Flames

   Spells                             Type                      Level
   a - Flame Tongue                   Conjuration/Fire             1
   b - Throw Flame                    Conjuration/Fire             2
   c - Conjure Flame                  Conjuration/Fire             3
   d - Inner Flame                    Hexes/Fire                   3
   e - Sticky Flame                   Conjuration/Fire             4
   f - Fireball                       Conjuration/Fire             5
Comestibles
 c - a bread ration
 f - 5 fruits


   Skills:
 - Level 2.4 Dodging
 - Level 2.4 Stealth
 + Level 3.2 Spellcasting
 * Level 1.7 Conjurations
 * Level 3.6 Fire Magic


You had 6 spell levels left.
You knew the following spells:

 Your Spells              Type           Power        Failure   Level  Hunger
a - Flame Tongue          Conj/Fire      ##...        8%          1    None


Dungeon Overview and Level Annotations

Branches:
Dungeon (1/15)

Altars:


Message History

You see here 12 stones.
The giant gecko barely misses you.
Drink which item? (? for menu, Esc to quit)
It was a potion of might.
You feel very mighty all of a sudden. The giant gecko closely misses you.
You closely miss the giant gecko.
The giant gecko is lightly wounded.
The giant gecko bites you.
* * * LOW HITPOINT WARNING * * *
You barely miss the giant gecko.
The giant gecko is lightly wounded.
The giant gecko misses you. The giant gecko completely misses you.
You hit the giant gecko.
The giant gecko is almost dead.
The giant gecko closely misses you.
You barely miss the giant gecko.
The giant gecko is almost dead.
The giant gecko bites you.
You die...

####.###
#................. #x#.#h#
#.##+##..######.#.
###.#####..†...(.# #.#.
#.#..#g##(#......######.#.
####.####.#.†..........†..
#.#.#M##.#.....#######.#.
###.####.#.....####+##.#.
#n#.#.##l##+##.........#.
#. #####.####@#
#...........
#.##.#...#O##.#
#.........#.
#.####.######.#
#.........#. #.##i#.#.#
##.# #.........#.
###.####.#####..#
#.........#.
#....##...##...###
#.####.##.#.
#.....'.>.+..###
#.##†####.##.#.
#....##...##.#
#...)........#.
#..††.#####..#
####†####.####


You could see a giant gecko.

Vanquished Creatures
  2 hobgoblins (D:1)
  5 jackals (D:1)
  A ball python (D:1)
  2 bats (D:1)
  A goblin (D:1)
11 creatures vanquished.

Notes
Turn   | Place    | Note
--------------------------------------------------------------
     0 | D:1      | inmateoo the Deep Elf Fire Elementalist began the quest for the Orb.
     0 | D:1      | Reached XP level 1. HP: 10/10 MP: 6/6
     2 | D:1      | Noticed a spriggan
     5 | D:1      | Noticed a formicid
     6 | D:1      | Noticed a vine stalker
    10 | D:1      | Noticed an octopode
    10 | D:1      | Noticed a felid
    12 | D:1      | Noticed a dwarf
    16 | D:1      | Noticed a ghoul
    18 | D:1      | Noticed an ogre
    18 | D:1      | Noticed a spriggan
    20 | D:1      | Noticed a human
   340 | D:1      | Reached XP level 2. HP: 10/15 MP: 4/8
   384 | D:1      | Slain by a giant gecko

Vault maps used:
D:1:      shiori_arrival_whats_in_store_for_you, serial_curves, eino_curves_01,
          eino_curves_01, eino_curves_01, eino_curves_02, serial_bayou_crossing

Action                   || total
-------------------------++-------
Melee: Unarmed           ||     4
 Cast: Flame Tongue      ||    20
  Use: Potion            ||     1
